 Dungeon Crawl Stone Soup version 0.30-a0-141-g30f27751c5 (webtiles) character file.

Game seed: 12126371713918920213

937 qw the Chopper (level 8, 0/44 HPs)
             Began as a Gargoyle Fighter on Sept 25, 2022.
             Slain by a black bear (2 damage)
             ... on level 5 of the Dungeon.
             The game lasted 00:01:52 (4281 turns).

qw the Chopper (Gargoyle Fighter)                   Turns: 4281, Time: 00:01:52

Health: 0/44       AC: 16    Str: 19    XL:     8   Next: 12%
Magic:  0/8        EV:  7    Int:  8    God:
Gold:   194        SH:  4    Dex:  9    Spells: 7/7 levels left

rFire   . . .      SeeInvis +    Y - +0 war axe
rCold   . . .      Faith    .    c - +0 buckler
rNeg    + . .      Spirit   +    r - +0 chain mail
rPois   inf        Reflect  .    (helmet restricted)
rElec   +          Harm     .    (no cloak)
rCorr   .          Rampage  .    o - +1 pair of gloves
Will    .....                    (no boots)
Stlth   ..........               n - amulet of guardian spirit
HPRegen 0.14/turn                a - +4 ring of slaying {mikee}
MPRegen 0.11/turn                p - ring of see invisible

@: about to teleport
A: sickness immunity, AC +5, negative energy resistance 1, electricity
resistance, torment resistance 1, petrification resistance, beak, hooves 1,
dopey 1, frail 1, weak 1
a: no special abilities


You were on level 5 of the Dungeon.
You visited 1 branch of the dungeon, and saw 5 of its levels.
You also visited: Sewer.

You collected 194 gold pieces.


Innate Abilities, Weirdness & Mutations

You are immune to sickness and miasma.
Your stone body is resilient. (AC +5)
You are immune to poison.
You resist negative energy. (rN+)
You are resistant to electric shocks. (rElec)
You are resistant to unholy torment.
You are immune to petrification.
You have a beak for a mouth.
You have large cloven feet.
You are dopey. (Int -2)
You are frail. (-10% HP)
You are weak. (Str -2)


   Skills:
 - Level 5.1 Fighting
 + Level 7.5 Axes
 - Level 3.2 Armour
 - Level 1.5 Dodging
 - Level 3.2 Shields


You had 7 spell levels left.
You didn't know any spells.
Your spell library was empty.

Inventory:

Hand Weapons
 m - a +2 antimagic whip
 Y - a +0 war axe (weapon)
Armour
 c - a +0 buckler (worn)
 o - a +1 pair of gloves (worn)
 r - a +0 chain mail (worn)
Jewellery
 a - a +4 ring of slaying (left hand) {mikee}
 n - an amulet of guardian spirit (around neck)
 p - a ring of see invisible (right hand)
 q - a ring of positive energy
Scrolls
 i - 2 scrolls of teleportation
Potions
 d - a potion of might
 e - 2 potions of curing
 f - a potion of magic {unknown}
 h - a potion of flight {unknown}
 k - a potion of attraction
 l - a potion of resistance {unknown}

Dungeon Overview and Level Annotations

Branches:
Dungeon (5/15)              Sewer (visited)
 Temple: D:4-7

Altars:
Makhleb


Message History

The centaur barely misses you.
The centaur kicks you but does no damage.
You barely miss the orc priest. You kick the orc priest.
You kill the orc priest!
You slash the centaur!
You hit the orc wizard but do no damage.
The centaur hits you but does no damage.
The centaur kicks you.
The orc wizard hits you but does no damage.
A black bear comes into view.
The centaur barely misses you. x2
The black bear growls angrily.
You slash the orc wizard!
You kill the orc wizard!
You slash the centaur!
The centaur hits you but does no damage.
The centaur barely misses you.
You have reached level 8!
You feel clever.
You slash the centaur!
You kill the centaur!
You completely miss the orc. You block the orc's attack.
You hit the orc. You peck the orc.
You kill the orc!
You hit the iguana.
The iguana is lightly wounded.
The iguana bites you.
The iguana bites you but does no damage.
4280 ||| READING 3 scrolls of teleportation.
As you read the scroll of teleportation, it crumbles to dust.
You feel strangely unstable. The iguana bites you! The black bear bites you.
The black bear claws you but does no damage.
You block the black bear's attack.
You slash the iguana! You kick the iguana, but do no damage.
The iguana is almost dead.
You hit the black bear. The iguana bites you. The black bear barely misses you.
The black bear claws you.
You die...

###.....####..#
#........
#..#........###........
#........#...##..>...#
#........###..#......#
..........##.........#
#...........(........#
...............).......
......h.............###
#.....l@..##...##...#
#.....)......#.# ...#
#.........####.# .....
#).........# #.# ###.
!##.######..# .# #.
#..# # #... ##.


You could see a black bear and an iguana.

Vanquished Creatures
  A centaur (D:5)
  2 phantoms (D:4)
  2 bullfrogs (Sewer)
  A kobold brigand (D:4)
  A necrophage (D:4)
  A scorpion (D:5)
  2 orc priests
  A jelly (D:4)
  An iguana (D:4)
  2 orc wizards
  9 adders
  A river rat (D:3)
  2 ufetubi (D:4)
  2 worms
  4 dart slugs
  4 orcs
  17 ball pythons
  6 bats
  An endoplasm (D:4)
  15 giant cockroaches
  8 goblins
  6 hobgoblins
  6 quokkas
  15 frilled lizards
  10 kobolds
  11 rats
131 creatures vanquished.

Notes
Turn   | Place    | Note
-------+----------+-------------------------------------------
     0 | D:1      | qw the Gargoyle Fighter began the quest for the Orb.
     0 | D:1      | Reached XP level 1. HP: 14/14 MP: 1/1
     0 | D:1      | 0 ||| qw: Version: 0.2-a-10-g399e6c4
     0 | D:1      | 0 ||| qw: Game counter: 189
     0 | D:1      | 0 ||| qw: Always use a shield: true
     0 | D:1      | 0 ||| qw: God list: Okawaru
     0 | D:1      | 0 ||| qw: Allow faded altars: false
     0 | D:1      | 0 ||| qw: Do Orc after D:15 true
     0 | D:1      | 0 ||| qw: Do second Lair branch before Depths: true
     0 | D:1      | 0 ||| qw: Lair rune preference: random
     0 | D:1      | 0 ||| qw: Plans: Normal, Zot:1-4, God:TSO, Crypt, Tomb,
                  | Pan, Slime:5, Hells, Abyss, Orb
     0 | D:1      | 0 ||| PLANNING D:1-11
    32 | D:1      | Noticed an eye of devastation
    35 | D:1      | Found a faded altar of an unknown god.
    37 | D:1      | Noticed a great orb of eyes
    37 | D:1      | Noticed a floating eye
    37 | D:1      | Noticed a shining eye
    83 | D:1      | Reached skill level 2 in Axes
   124 | D:1      | Reached XP level 2. HP: 19/19 MP: 2/2
   200 | D:1      | 200 ||| DROPPING +0 club.
   294 | D:1      | 294 ||| Stepping ~*~*~tactically~*~*~ (hiding).
   379 | D:1      | Reached skill level 3 in Axes
   482 | D:1      | Reached XP level 3. HP: 23/23 MP: 3/3
   495 | D:1      | 495 ||| DROPPING +0 whip.
   538 | D:1      | 538 ||| READING scroll labelled IJOTUD RATSUK.
   539 | D:1      | 539 ||| READING scroll labelled AMEWNO OPOL.
   543 | D:1      | 543 ||| READING scroll labelled DAEZUD CABU.
   544 | D:1      | 544 ||| READING scroll labelled NONOVA ROOPPA.
   545 | D:1      | 545 ||| DRINKING 2 pink potions.
   546 | D:1      | 546 ||| DROPPING potion of degeneration.
   624 | D:2      | 624 ||| Stepping ~*~*~tactically~*~*~ (hiding).
   625 | D:2      | 625 ||| Stepping ~*~*~tactically~*~*~ (hiding).
  1293 | D:2      | 1293 ||| UPGRADING to amulet of guardian spirit.
  1298 | D:2      | 1298 ||| UPGRADING to +4 ring of slaying {mikee}.
  1299 | D:2      | 1299 ||| UPGRADING to ring of positive energy.
  1300 | D:2      | 1300 ||| READING scroll labelled JINUDE XIFA.
  1301 | D:2      | 1301 ||| READING scroll labelled NIAG CARIER.
  1302 | D:2      | 1302 ||| DRINKING 2 viscous pink potions.
  1329 | D:3      | 1329 ||| PLANNING SEWER
  1329 | D:3      | 1329 ||| STAIRDANCE
  1350 | D:3      | 1350 ||| STAIRDANCE
  1565 | D:3      | 1565 ||| Stepping ~*~*~tactically~*~*~ (hiding).
  1576 | D:3      | Reached skill level 4 in Axes
  1576 | D:3      | Reached XP level 4. HP: 26/28 MP: 4/4
  1672 | D:3      | Reached XP level 5. HP: 20/32 MP: 5/5
  1987 | D:3      | Found a glowing drain.
  2011 | D:3      | 2011 ||| READING scroll labelled WACVATHRI ZOSTI.
  2012 | D:3      | 2012 ||| DRINKING 2 murky red potions.
  2016 | Sewer    | Entered a sewer
  2064 | Sewer    | Reached skill level 5 in Axes
  2215 | Sewer    | 2215 ||| Stepping ~*~*~tactically~*~*~ (stealth).
  2218 | Sewer    | 2218 ||| Stepping ~*~*~tactically~*~*~ (water).
  2224 | Sewer    | Reached XP level 6. HP: 20/39 MP: 3/6
  2411 | Sewer    | Reached skill level 1 in Dodging
  2743 | D:3      | 2743 ||| PLANNING D:1-11
  3113 | D:3      | 3113 ||| UPGRADING to ring of see invisible.
  3115 | D:3      | 3115 ||| READING scroll labelled OBUAWA LEADUA.
  3116 | D:3      | 3116 ||| READING scroll labelled TOOCAE QUTE.
  3117 | D:3      | 3117 ||| DRINKING 2 metallic black potions.
  3117 | D:3      | Gained mutation: Your flesh is cold resistant. (rC+)
                  | [potion of mutation]
  3117 | D:3      | Gained mutation: You are frail. (-10% HP) [potion of
                  | mutation]
  3117 | D:3      | Gained mutation: You do not regenerate when monsters are
                  | visible. [potion of mutation]
  3118 | D:3      | 3118 ||| DRINKING potion of mutation.
  3118 | D:3      | Lost mutation: Your flesh is cold resistant. (rC+) [potion
                  | of mutation]
  3118 | D:3      | Lost mutation: You do not regenerate when monsters are
                  | visible. [potion of mutation]
  3118 | D:3      | Gained mutation: You are weak. (Str -2) [potion of
                  | mutation]
  3118 | D:3      | Gained mutation: You have a beak for a mouth. [potion of
                  | mutation]
  3118 | D:3      | Gained mutation: You are dopey. (Int -2) [potion of
                  | mutation]
  3118 | D:3      | Gained mutation: You have large cloven feet. [potion of
                  | mutation]
  3146 | D:4      | 3146 ||| Stepping ~*~*~tactically~*~*~ (hiding).
  3258 | D:4      | 3258 ||| READING 3 scrolls of teleportation.
  3259 | D:4      | 3259 ||| FLEEEEING.
  3260 | D:4      | 3260 ||| FLEEEEING.
  3261 | D:4      | 3261 ||| FLEEEEING.
  3262 | D:4      | 3262 ||| FLEEEEING.
  3307 | D:4      | 3307 ||| Stepping ~*~*~tactically~*~*~ (stealth).
  3353 | D:4      | 3353 ||| Stepping ~*~*~tactically~*~*~ (hiding).
  3367 | D:4      | Found a burning altar of Makhleb.
  3482 | D:4      | 3482 ||| Stepping ~*~*~tactically~*~*~ (hiding).
  3483 | D:4      | 3483 ||| Stepping ~*~*~tactically~*~*~ (hiding).
  3484 | D:4      | 3484 ||| Stepping ~*~*~tactically~*~*~ (hiding).
  3553 | D:4      | 3553 ||| Stepping ~*~*~tactically~*~*~ (stealth).
  3631 | D:4      | Reached XP level 7. HP: 38/39 MP: 5/7
  3695 | D:4      | Reached skill level 6 in Axes
  3815 | D:4      | 3815 ||| Stepping ~*~*~tactically~*~*~ (stealth).
  3819 | D:4      | 3819 ||| Stepping ~*~*~tactically~*~*~ (stealth).
  3972 | D:4      | Reached skill level 7 in Axes
  4154 | D:4      | 4154 ||| UPGRADING to +0 pair of gloves.
  4159 | D:4      | 4159 ||| UPGRADING to +0 chain mail.
  4169 | D:4      | 4169 ||| DROPPING +0 scale mail.
  4170 | D:4      | 4170 ||| READING scroll of enchant armour.
  4170 | D:4      | 4170 ||| ENCHANTING +0 pair of gloves.
  4171 | D:4      | 4171 ||| READING scroll labelled DATEQ GASCHUGYEGH.
  4204 | D:5      | Entered Level 5 of the Dungeon
  4205 | D:5      | 4205 ||| PLANNING OSSUARY
  4276 | D:5      | Reached XP level 8. HP: 12/44 MP: 3/8
  4279 | D:5      | HP: 11/44 [iguana (2)]
  4280 | D:5      | 4280 ||| READING 3 scrolls of teleportation.
  4280 | D:5      | HP: 5/44 [black bear (1)]
  4281 | D:5      | HP: 2/44 [iguana (3)]
  4281 | D:5      | Slain by a black bear

Levels and vault maps discovered:
D:1:      evilmike_arrival_plus, layout_rooms,
          hellmonk_ecumenical_altar_watching_god
D:2:      layout_basic
D:3:      layout_basic, portal_sewer_entry_e, chequers_mini_garden,
          grunt_ministairs_9
D:4:      minmay_spotlight, layout_basic,
          mainiacjoe_overflow_concentric_impassable, minmay_checkerbox
D:5:      layout_rooms, nicolae_ossuary_entry_catacombs

Skill      XL: |  1  2  3  4  5  6  7 |
---------------+----------------------+-----
Axes           | 2 3 4 5 7 |  7.5
Fighting       | 4 5 |  5.1
Dodging        | 1 |  1.5
Armour         | |  3.2
Shields        | |  3.2

Action                   |  1- 3 |  4- 6 |  7- 9 || total
-------------------------+-------+-------+-------++-------
Melee: War axe           |   128 |   153 |    48 ||   329
       Kick              |       |     9 |    13 ||    22
       Peck              |       |     4 |     6 ||    10
  Use: Scroll            |     6 |     4 |     3 ||    13
       Potion            |     2 |     3 |       ||     5
Armor: Scale mail        |    68 |    82 |    18 ||   168
       Chain mail        |       |       |    13 ||    13
Dodge: Dodged            |    57 |    61 |    22 ||   140
Block: Buckler           |    14 |    23 |     6 ||    43

Table legend:
 A = Non-vault XP
 B = Vault XP
 C = Vault XP percentage of total XP
 D = Non-vault monster count
 E = Vault monster count
 F = Vault count percentage of total count
                 A         B        C        D         E       F
            +---------+---------+-------+---------+---------+-------
      Total |     764 |     575 |  42.9 |      84 |      47 |  35.9
            +---------+---------+-------+---------+---------+-------
        D:1 |      37 |       0 |   0.0 |      23 |       0 |   0.0
        D:2 |      21 |       1 |   4.5 |      13 |       1 |   7.1
        D:3 |     162 |      28 |  14.7 |      22 |       9 |  29.0
        D:4 |     250 |     310 |  55.4 |      20 |       8 |  28.6
        D:5 |     294 |       0 |   0.0 |       6 |       0 |   0.0
      Sewer |       0 |     236 | 100.0 |       0 |      29 | 100.0
            +---------+---------+-------+---------+---------+-------
